 Dungeon Crawl Stone Soup version 0.17.0-28-g6e173f8 (webtiles) character file.

77 veneficus the Conjurer (level 4, -1/24 HPs)
             Began as a Deep Elf Conjurer on Dec 1, 2015.
             Slain by a quokka (3 damage)
             ... on level 4 of the Dungeon.
             The game lasted 00:14:04 (2736 turns).

veneficus the Conjurer (Deep Elf Conjurer)          Turns: 2736, Time: 00:14:04

Health: -1/24      AC:  3    Str:  5    XL:     4   Next: 14%
Magic:  2/11       EV: 13    Int: 21    God:
Gold:   160        SH:  0    Dex: 15    Spells: 2 memorised, 7 levels left

rFire  . . .     SeeInvis .     w - staff of death
rCold  . . .     Clarity  .     a - +0 robe
rNeg   + . .     SustAt   .     (no shield)
rPois  .         Gourm    .     (no helmet)
rElec  .         Spirit   .     (no cloak)
rCorr  .         Warding  .     z - +0 pair of gloves
rMut   .         Stasis   .     (no boots)
MR     .....                    (no amulet)
Stlth  ++........               (no ring)
                                (no ring)

@: not resistant to hostile enchantments, unstealthy
A: no striking features
a: no special abilities


You were on level 4 of the Dungeon.
You were not hungry.

You visited 1 branch of the dungeon, and saw 4 of its levels.

You collected 160 gold pieces.

Inventory:

Hand Weapons
 l - a +0 blowgun
 m - a +0 dagger
 p - a +0 mace
 r - a +2 morningstar of protection
Missiles
 y - 22 poisoned needles
Armour
 a - a +0 robe (worn)
 t - a +0 buckler
 z - a +0 pair of gloves (worn)
Magical Staves
 w - an uncursed staff of death (weapon)
Jewellery
 v - an uncursed amulet of rage
Scrolls
 d - 2 scrolls of identify
 h - 2 scrolls of remove curse
 k - 3 scrolls of teleportation
Potions
 e - 2 potions of curing {unknown}
 g - a potion of brilliance {unknown}
 i - 2 potions of flight
 j - 2 potions of might
 n - a potion of poison {unknown}
 o - a potion of magic {unknown}
 q - a potion of ambrosia {unknown}
 s - a potion of haste {unknown}
 u - 2 potions of berserk rage {unknown}
Books
 b - a book of Conjurations

   Spells                             Type                      Level
   a - Magic Dart                     Conjuration                  1
   b - Searing Ray                    Conjuration                  2
   c - Dazzling Spray                 Conjuration/Hexes            3
   d - Fulminant Prism                Conjuration/Hexes            4
   e - Iskenderun's Mystic Blast      Conjuration                  4
   f - Iskenderun's Battlesphere      Conjuration/Charms           5
Comestibles
 c - 4 bread rations
 f - 2 slices of pizza
 x - a meat ration


   Skills:
 - Level 2.6 Dodging
 - Level 2.4 Stealth
 + Level 3.5 Spellcasting
 * Level 6.0 Conjurations


You had 7 spell levels left.
You knew the following spells:

 Your Spells              Type           Power        Failure   Level  Hunger
a - Magic Dart            Conj           ####         1%          1    None
b - Searing Ray           Conj           ####..       1%          2    ##.....


Dungeon Overview and Level Annotations

Branches:
Dungeon (4/15)
 Temple: D:4-7

Altars:
Yredelemnul

Annotations:
D:4 Blork the orc


Message History

Aiming: Magic Dart
Press: ? - help, Shift-Dir - straight line, f/p - Blork the orc
Aim: Blork the orc, wielding a short sword of freezing and wearing a robe (heavily wounded, fast)
The magic dart hits the goblin.
The goblin is moderately wounded.
The goblin barely misses you.
You see here a short sword.
Blork the orc gestures at you while chanting.
The puff of frost hits you!
* * * LOW HITPOINT WARNING * * *
Blork the orc gestures at you while chanting.
The magic dart hits you!
* * * LOW HITPOINT WARNING * * *
The quokka bites you.
* * * LOW HITPOINT WARNING * * *
Blork the orc mumbles some strange words.
Blork the orc flickers and vanishes!
Deactivating autopickup; reactivate with Ctrl-A.
The quokka bites you.
You die...

.........##.####...........#
#.####...###..# ####........#
#.#####.g####.## #.).......#
#.##........#..# #.#.......#
...#......g.##.####.##......#
...#.......g##..............#
...#..........................
...#................#.#.......
.....#...####..r@.....#..##.#.
..................#####.... #
...........##........ .....
...>..........#...#### #.##..
..................# #.
#.........##.......
##...#...........###
###.....<.#####.. #.......##


You could see a quokka and 2 goblins.

Vanquished Creatures
  An ooze (D:1)
  A worm (D:2)
  3 ball pythons
  12 bats
  3 giant cockroaches
  12 goblins
  8 hobgoblins
  7 jackals
  4 kobolds
  2 quokkas (D:2)
  2 giant geckos
  3 giant newts
  5 rats
63 creatures vanquished.

Notes
Turn   | Place    | Note
--------------------------------------------------------------
     0 | D:1      | veneficus the Deep Elf Conjurer began the quest for the Orb.
     0 | D:1      | Reached XP level 1. HP: 10/10 MP: 6/6
     0 | D:1      | Noticed a minotaur zombie
     3 | D:1      | Noticed an elf zombie
     3 | D:1      | Noticed an octopode zombie
     7 | D:1      | Noticed a spriggan zombie
    11 | D:1      | Noticed a spriggan zombie
    13 | D:1      | Noticed a vine stalker zombie
    15 | D:1      | Noticed a human zombie
    15 | D:1      | Noticed a draconian zombie
    17 | D:1      | Noticed a vine stalker zombie
    17 | D:1      | Noticed a centaur zombie
    19 | D:1      | Noticed a centaur zombie
    19 | D:1      | Noticed a draconian zombie
    21 | D:1      | Noticed a vine stalker zombie
   280 | D:1      | Reached XP level 2. HP: 15/15 MP: 6/8
   394 | D:1      | Reached skill level 5 in Conjurations
   399 | D:1      | Learned a level 2 spell: Searing Ray
   674 | D:1      | Reached XP level 3. HP: 19/19 MP: 4/9
  2154 | D:3      | Reached XP level 4. HP: 24/24 MP: 5/11
  2677 | D:4      | Found a basalt altar of Yredelemnul.
  2699 | D:4      | Reached skill level 6 in Conjurations
  2704 | D:4      | Noticed Blork the orc
  2736 | D:4      | Slain by a quokka

Action                   |  1- 3 |  4- 6 || total
-------------------------+-------+-------++-------
Melee: Unarmed           |     2 |       ||     2
       Dagger            |     7 |       ||     7
 Cast: Magic Dart        |    95 |    20 ||   115
       Searing Ray       |    15 |     6 ||    21
  Use: Scroll            |     8 |     2 ||    10
  Eat: Chunk             |     3 |     3 ||     6
